 Dungeon Crawl Stone Soup version 0.17.1-3-g152610e (webtiles) character file.

118 bart the Charmwright (level 5, -1/45 HPs)
             Began as a Naga Skald on Mar 11, 2016.
             Killed from afar by Natasha (8 damage)
             ... with a wand of magic darts
             ... on level 3 of the Dungeon.
             The game lasted 00:04:42 (1553 turns).

bart the Charmwright (Naga Skald)                   Turns: 1553, Time: 00:04:43

Health: -1/45      AC:  4    Str: 16    XL:     5   Next: 2%
Magic:  8/8        EV:  9    Int: 12    God:
Gold:   61         SH:  0    Dex: 10    Spells: 3 memorised, 2 levels left

rFire  + . .     SeeInvis +     a - +1 falchion
rCold  + . .     Clarity  .     b - +0 leather armour
rNeg   . . .     SustAt   .     (no shield)
rPois  +         Gourm    .     (no helmet)
rElec  +         Spirit   .     (no cloak)
rCorr  +         Warding  .     e - +0 pair of gloves
rMut   .         Stasis   .     (no barding)
MR     .....                    (no amulet)
Stlth  +.........               (no ring)
                                j - ring of flight

@: resistant, infused, very slow, not resistant to hostile enchantments, very
unstealthy
A: see invisible, deformed body, poison resistance, slowness 2, slow metabolism
1, spit poison 2, AC +1
a: Spit Poison, Evoke Flight


You were on level 3 of the Dungeon.
You were not hungry.

You visited 1 branch of the dungeon, and saw 3 of its levels.

You collected 61 gold pieces.

Inventory:

Hand Weapons
 a - a +1 falchion (weapon)
 n - a +0 blowgun
Missiles
 o - 12 poisoned needles
Armour
 b - a +0 leather armour (worn)
 e - a +0 pair of gloves (worn)
 m - a +0 shield
Jewellery
 j - a ring of flight (left hand)
Scrolls
 g - 4 scrolls of remove curse
 h - 2 scrolls of identify
Potions
 k - a potion of curing {unknown}
Books
 c - a book of Battle
Comestibles
 d - a bread ration
 i - a slice of pizza
 l - 2 beef jerkies
 q - a chunk of flesh


   Skills:
 - Level 2.0 Fighting
 + Level 3.8 Long Blades
 - Level 0.7 Armour
 - Level 0.7 Dodging
 - Level 2.0 Spellcasting
 + Level 4.3 Charms


You had 2 spell levels left.
You knew the following spells:

 Your Spells              Type           Power        Failure   Level  Hunger
a - Infusion              Chrm           ##....       8%          1    ##.....
b - Shroud of Golubria    Chrm/Tloc      #.........   21%         2    ###....
z - Spectral Weapon       Hex/Chrm       #.......     43%         3    ####...


Dungeon Overview and Level Annotations

Branches:
Dungeon (3/15)

Altars:
Fedhas
Ru

Annotations:
D:2 Sigmund
D:3 Natasha


Innate Abilities, Weirdness & Mutations

You cannot wear boots.
Your serpentine skin is tough (AC +1).
You have supernaturally acute eyesight.
Armour fits poorly on your strangely shaped body.
Your system is resistant to poisons.
You cover ground very slowly.
You have a slow metabolism.
You can spit poison.


Message History

You feel slightly more hungry.
You hit the scorpion. You hit the scorpion but do no damage.
The scorpion stings you.
You hit the scorpion but do no damage. You barely miss the scorpion.
The scorpion is almost dead.
You have got your breath back.
The scorpion looks more healthy.
You closely miss the scorpion.
The scorpion is almost dead.
Press: ? - help, Shift-Dir - straight line, f/p - scorpion
Aim: a scorpion (almost dead)
The splash of poison hits the scorpion.
The scorpion appears unharmed.
The scorpion is almost dead.
You feel slightly more hungry.
Casting: Infusion
Confirm with . or Enter, or press ? or * to list all spells.
You begin infusing your attacks with magical energy.
The scorpion stings you but does no damage.
Unknown command.
You hit the scorpion but do no damage.
The scorpion is almost dead.
You hit the scorpion but do no damage.
The scorpion is almost dead.
You have got your breath back.
You slash the scorpion!
You kill the scorpion!
You have reached level 5!
You start resting.
Your magical infusion is running out.
Unknown command.
Memorise Shroud of Golubria, consuming 2 spell levels and leaving 5?
You start memorising the spell.
You continue memorising.
You continue memorising.
You finish memorising.
Spell assigned to 'b'.
This spell is slightly dangerous to cast.
Memorise Spectral Weapon, consuming 3 spell levels and leaving 2?
You start memorising the spell.
You continue memorising.
You continue memorising.
You are no longer magically infusing your attacks.
You continue memorising.
You finish memorising.
Spell assigned to 'z'.
Magic restored.
Natasha, Servant of Life and Death comes into view.
Natasha hisses angrily.
Natasha zaps a wand.
The magic dart hits you!
It is a wand of magic darts {zapped: 1}.
Natasha zaps a wand.
The magic dart hits you!
* * * LOW HITPOINT WARNING * * *
Natasha is nearby!
Natasha is nearby!
Natasha mumbles some strange words.
Natasha mumbles some strange words.
Read which item? (? for menu, Esc to quit)
As you read the scroll labeled ANIMIJICYO, it crumbles to dust.
It is a scroll of identify.
Identify which item? (\ to view known items) (? for menu, Esc to quit)
f - a potion of resistance Read which item? (? for menu, Esc to quit)
As you read the scroll labeled IWNON NUFRICZEWN, it crumbles to dust.
You feel blessed for a moment.
It was a scroll of remove curse.
Drink which item? (? for menu, Esc to quit)
You feel protected.
You aren't carrying any items that can be evoked.
Casting: Infusion
Confirm with . or Enter, or press ? or * to list all spells.
You begin infusing your attacks with magical energy.
You barely miss the white imp. The white imp hits you.
* * * LOW HITPOINT WARNING * * *
The white imp freezes you. You resist.
* * * LOW HITPOINT WARNING * * *
You hit the white imp but do no damage.
The white imp hits you but does no damage.
You barely miss the white imp. You barely miss the white imp.
The white imp gestures at you. The puff of frost hits you! You resist.
* * * LOW HITPOINT WARNING * * *
You hit the white imp.
Natasha casts a spell.
The white imp hits you but does no damage.
You completely miss the white imp. The white imp gestures at you.
The puff of frost hits you! You resist.
* * * LOW HITPOINT WARNING * * *
You barely miss the white imp.
The white imp hits you but does no damage.
Drink which item? (? for menu, Esc to quit)
Okay, then.
Read which item? (? for menu, Esc to quit)
As you read the scroll labeled CAOCYISUNY, it crumbles to dust.
It is a scroll of recharging.
You aren't carrying any rechargeable items.
Read which item? (? for menu, Esc to quit)
As you read the scroll labeled FOUCIHI ESSU, it crumbles to dust.
It is a scroll of enchant weapon.
Enchant which weapon? (? for menu, Esc to quit)
Your +0 falchion glows red for a moment.
The crimson imp blinks!
Natasha zaps a wand.
The magic dart hits you!
You die...

........#.###### #####.##..#
........#.# #.###.#
.##.#...#.#############.# #.#
.##..#............((..#.###.##
........########.#..#.#...#..#
.##.#......# #.##(#.###.##.# .
#........# #.##.#.# #.##.##
........#..# #.##(#.# #.##..#
.##.....#..# #@##.#.# #.###.#
#..?.<#.!#####ยง##...###.# #.#
....#.#h.5...5h##.......# #.#
..........########...#######.#
.## #.#..P.P..#.#
#.#.P.PPP.#.# #.#.PP_.P.#.#
#.#.PPP.P.#.# #....PPP..#.#


You could see Natasha and a white imp.

Vanquished Creatures
  A scorpion (D:3)
  Natasha (D:3)
  An adder (D:3)
  2 worms
  3 orcs (D:3)
  A ball python (D:1)
  2 goblins
  5 hobgoblins
  2 kobolds
  A quokka (D:3)
  6 bats
  A giant cockroach (D:3)
  2 giant newts (D:2)
  5 rats
  A fungus (D:3)
34 creatures vanquished.

Vanquished Creatures (others)
  A kobold (D:2)
1 creature vanquished.

Grand Total: 35 creatures vanquished

Notes
Turn   | Place    | Note
--------------------------------------------------------------
     0 | D:1      | bart the Naga Skald began the quest for the Orb.
     0 | D:1      | Reached XP level 1. HP: 19/19 MP: 3/3
     0 | D:1      | nice fuck up
   418 | D:1      | Reached XP level 2. HP: 23/26 MP: 5/5
   553 | D:2      | Found a sacrificial altar of Ru.
   690 | D:2      | Noticed Sigmund
   710 | D:3      | Reached XP level 3. HP: 28/32 MP: 3/6
   885 | D:3      | Reached skill level 3 in Long Blades
   888 | D:3      | HP: 8/32 [poisoned by an adder]
   893 | D:3      | HP: 6/32 [poisoned by an adder]
   899 | D:3      | HP: 5/32 [poisoned by an adder]
   907 | D:3      | HP: 3/32 [poisoned by an adder]
  1303 | D:3      | Noticed Natasha
  1306 | D:3      | Killed Natasha
  1306 | D:3      | Reached skill level 4 in Charms
  1306 | D:3      | Reached XP level 4. HP: 37/39 MP: 5/7
  1395 | D:3      | Found a blossoming altar of Fedhas.
  1499 | D:3      | Noticed a scorpion
  1512 | D:3      | Killed a scorpion
  1512 | D:3      | Reached XP level 5. HP: 27/45 MP: 5/8
  1531 | D:3      | Learned a level 2 spell: Shroud of Golubria
  1535 | D:3      | Learned a level 3 spell: Spectral Weapon
  1536 | D:3      | Noticed Natasha
  1550 | D:3      | HP: 6/45 [white imp/puff of frost[Natasha] (6)]
  1553 | D:3      | Killed from afar by Natasha

Action                   |  1- 3 |  4- 6 || total
-------------------------+-------+-------++-------
Melee: Falchion          |    75 |    47 ||   122
 Cast: Infusion          |     5 |     3 ||     8
 Abil: Spit Poison       |    25 |     2 ||    27
  Use: Scroll            |       |     4 ||     4
       Potion            |       |     1 ||     1
 Stab: Sleeping          |       |     1 ||     1
  Eat: Chunk             |     2 |     1 ||     3

Vault maps used:
D:1:      sevenhm_arrival_forest_fort_large_3
D:2:      fiery_altar_vehumet, lemuel_crystal_altar,
          nicolae_overflow_crystal_walls, uniq_sigmund
D:3:      okawaru_gym_becter, st_stairs_3, hangedman_abyss_or_decor_lesser_grid,
          fedhas_altar_3, uniq_natasha

Table legend:
 A = Turns spent in this place as a percentage of turns spent in the entire game.
 B = Non-inter-level travel turns spent in this place as a percentage of non-inter-level travel turns spent in the entire game.
 C = Inter-level travel turns spent in this place as a percentage of turns spent in this place.
 D = Turns resting spent in this place as a percentage of non-inter-level travel turns spent in this place.
 E = Turns spent auto-exploring this place as a percentage of non-inter-level travel turns spent in this place.
 F = Non-inter-level travel turns spent in this place divided by the number of levels of this place that you've seen.
                   A       B       C       D       E      F
               +-------+-------+-------+-------+-------+----------------------
         Total | 100.0 | 100.0 |   0.6 |   1.1 |   0.1 | 268.7
       Dungeon | 100.0 | 100.0 |   0.6 |   1.1 |   0.1 | 268.7
               +-------+-------+-------+-------+-------+----------------------

Table legend:
 A = Kills in this place as a percentage of kills in entire the game.
 B = Kills by you in this place as a percentage of kills by you in the entire game.
 C = Kills by friends in this place as a percentage of kills by friends in the entire game.
 D = Other kills in this place as a percentage of other kills in the entire game.
 E = Experience gained in this place as a percentage of experience gained in the entire game.
 F = Experience gained in this place divided by the number of levels of this place that you have seen.
                   A       B       C       D       E      F
               +-------+-------+-------+-------+-------+----------------------
         Total | 100.0 | 100.0 |  -nan |  -nan | 100.0 |  56.3
       Dungeon | 100.0 | 100.0 |  -nan |  -nan | 100.0 |  56.3
               +-------+-------+-------+-------+-------+----------------------
